Kings vs Senateurs

Created - February 15, 2019 at 20:11

Goals
1 2 3 OT1 SO T
Kings 0 1 1 0 0 2
Senateurs 0 1 1 0 1 3
Shots
1 2 3 OT1 SO T
Kings 9 8 12 5 3 34
Senateurs 10 12 9 1 3 32

1st period

No Goal

Penalties :
Peter Worrell (LAK) for Diving (Minor) at 0:37, Paul Martin (LAK) for Holding Stick (Minor) at 4:32, Daniel Briere (Ott) for Hooking (Minor) at 19:21

2nd period

1. Kings , Ryan Johansen 13 (David Booth 29, Wayne Simmonds 17) at 0:46 (PP)
2. Senateurs , Colby Armstrong 13 (Daniel Briere 31, Cody Franson 16) at 8:37 (PP)

Penalties :
Colby Armstrong (Ott) for Hooking (Minor) at 3:08, David Booth (LAK) for Interference (Minor) at 7:43, Ryan Johansen (LAK) for Tripping (Minor) at 12:17

3rd period

3. Senateurs , Cody Hodgson 18 (Chris Kunitz 8) at 9:27
4. Kings , Wayne Simmonds 19 (Staffan Kronwall 4) at 9:57

Penalties :
Jon Merrill (LAK) for Hooking (Minor) at 11:47, Cody Franson (Ott) for High sticking (Minor) at 17:41

Overtime #1

No Goal

Penalties :
Vladimir Mihalik (Ott) for Hooking (Minor) at 1:11

Shootout

Kings, Nikita Kucherov - Stopped by Ondrej Pavelec
Senateurs, Evgeni Malkin - Shot Misses the Net
Kings, Patrick Kane - Stopped by Ondrej Pavelec
Senateurs, Daniel Briere - Shot Misses the Net
Kings, Anze Kopitar - Stopped by Ondrej Pavelec
Senateurs, Thomas Vanek - Goal!

Penalties :
No Penalty

Goalie Stats

Brian Elliott (LAK), 30 saves from 32 shots - (0.938), OTL, 18-20-5, 65:00 minutes
Ondrej Pavelec (Ott), 32 saves from 34 shots - (0.941), W, 19-19-2, 65:00 minutes

Players Stats for Kings

Player Name              G  A  P  +/- PIM S  H  SB GA TA FO     MP     PP MP  PK MP  
------------------------------------------------------------------------------------
Anze Kopitar             0  0  0   0  0   5  4  1  2  1  11/19  22:06   3:23   3:05 
Darnell Nurse            0  0  0  -1  0   1  0  2  1  0  0/0    20:47   1:30   4:55 
David Booth              0  1  1   0  2   4  0  1  0  1  0/0    18:58   2:00   1:09 
Erik Karlsson            0  0  0  -1  0   5  1  1  1  1  0/0    21:41   3:53   0:56 
Greg Campbell            0  0  0   0  0   1  0  0  0  0  4/9     9:10   0:00   4:34 
Jon Merrill              0  0  0   0  2   1  1  0  1  0  0/0    19:44   0:00   3:35 
Kurtis Foster            0  0  0   0  0   0  0  0  0  0  0/0     3:00   0:00   1:40 
Mike Brown               0  0  0   0  0   1  1  0  1  0  0/0     8:39   0:00   2:48 
Nikita Kucherov          0  0  0   0  0   2  4  0  0  0  0/0    17:52   3:23   0:00 
Patrick Kane             0  0  0   0  0   3  5  0  2  1  0/1    26:28   3:53   1:30 
Paul Martin              0  0  0   0  2   0  0  0  0  1  0/0    10:37   0:00   0:37 
Peter Worrell            0  0  0   0  2   0  1  0  0  0  0/0    13:21   0:00   0:00 
Ryan Johansen            1  0  1   0  2   3  2  0  1  0  8/16   16:19   2:00   0:00 
Shea Weber               0  0  0   1  0   1  1  1  0  1  0/0    28:11   1:30   3:55 
Staffan Kronwall         0  1  1   1  0   1  1  2  0  2  0/0    22:04   0:00   2:02 
Taylor Hall              0  0  0   0  0   2  2  0  1  0  4/8    20:56   3:23   0:00 
Tomas Plekanec           0  0  0   0  0   2  2  0  0  1  5/7    12:55   0:00   0:00 
Wayne Simmonds           1  1  2   0  0   2  1  1  0  1  0/0    18:17   2:00   4:34 

Players Stats for Senateurs

Player Name              G  A  P  +/- PIM S  H  SB GA TA FO     MP     PP MP  PK MP  
------------------------------------------------------------------------------------
Brandon Dubinsky         0  0  0   0  0   0  0  0  0  0  0/1     6:37   0:10   0:01 
Brooks Orpik             0  0  0   0  0   0  1  2  0  0  0/0    12:27   0:00   1:49 
Carlo Colaiacovo         0  0  0   0  0   0  0  0  0  1  0/0    11:12   0:00   0:00 
Chris Kunitz             0  1  1   1  0   3  1  0  0  0  0/0    15:53   0:00   2:19 
Cody Franson             0  1  1   0  2   0  3  0  3  0  0/0    30:52   5:28   3:53 
Cody Hodgson             1  0  1   1  0   2  1  0  1  1  1/5    13:52   0:12   0:00 
Colby Armstrong          1  0  1   0  2   4  2  0  0  0  0/1    18:43   4:24   0:00 
Dan Hamhuis              0  0  0   0  0   3  1  3  0  3  0/0    28:44   5:28   5:03 
Daniel Briere            0  1  1   0  2   4  4  0  0  0  6/12   22:48   4:24   2:20 
Evgeni Malkin            0  0  0  -1  0   6  2  0  2  0  17/34  27:49   4:16   4:48 
Ian Cole                 0  0  0   0  0   0  0  0  0  0  0/0     4:25   0:00   0:00 
Karl Alzner              0  0  0   0  0   1  1  1  0  0  0/0    21:38   3:22   2:19 
Marc-André Bernier       0  0  0   1  0   1  0  0  0  0  0/0    12:19   0:10   0:00 
Marian Hossa             0  0  0  -1  0   2  5  0  1  2  4/6    19:45   4:14   1:27 
Radim Vrbata             0  0  0   0  0   1  0  0  1  1  0/0     5:26   0:00   0:00 
Sergei Kostitsyn         0  0  0   0  0   1  0  1  1  1  0/1    19:18   4:24   0:23 
Thomas Vanek             0  0  0  -1  0   3  0  0  0  0  0/0    19:48   4:16   1:27 
Vladimir Mihalik         0  0  0   0  2   1  1  0  1  1  0/0    20:58   3:22   1:40 

3 Stars

1 - Wayne Simmonds (LAK)
2 - Ondrej Pavelec (Ott)
3 - Cody Hodgson (Ott)

Power Play

Kings - 1 on 4 Attempt(s) - 25.00%
Senateurs - 1 on 5 Attempt(s) - 20.00%

Penalty Kill

Kings - 4 on 5 Attempt(s) - 80.00% - Score 0 goal in Penalty Kill
Senateurs - 3 on 4 Attempt(s) - 75.00% - Score 0 goal in Penalty Kill

Team Stat

Kings - Hits : 26 - Faceoff Wins : 32 - Blocked Shots : 9 - Penalty Minutes : 10
Senateurs - Hits : 22 - Faceoff Wins : 28 - Blocked Shots : 7 - Penalty Minutes : 8

Official

Referees : Unknown
Linesman : Unknown

Game Notes

4:38 of 1st period - Senateurs goal is going for a video replay. After video review, No Goal. The puck has been kicked using a distinct kicking motion.
Kurtis Foster is injured at 7:27 of 1st period (Right Leg)

Finance

Level 1 -- Attendance: 6000 (100.00%) -- Ticket Income $498,000
Level 2 -- Attendance: 4700 (94.00%) -- Ticket Income $249,100
Level 3 -- Attendance: 1866 (93.30%) -- Ticket Income $61,578
Level 4 -- Attendance: 3602 (90.05%) -- Ticket Income $82,846
Luxury Box -- Attendance: 985 (98.50%) -- Ticket Income $152,675
Game was played at the Place Banque Scotia.
Total Attendance: 17153 (95.29%)
Total Ticket Income: $1,044,199
Other Income: $156,630
Total Income: $1,200,829

Kings

5 vs 5 Forward 
   Center                   Left Wing                Right Wing               Time % Phy DF OF 
 1 Anze Kopitar             Taylor Hall              Nikita Kucherov          35     1   2  2  
 2 Ryan Johansen            David Booth              Patrick Kane             35     1   2  2  
 3 Tomas Plekanec           Peter Worrell            Wayne Simmonds           25     3   1  1  
 4 Greg Campbell            Patrick Kane             Mike Brown               5      1   3  1  

5 vs 5 Defense 
   Defense                  Defense                                           Time % Phy DF OF 
 1 Staffan Kronwall         Shea Weber                                        40     1   3  1  
 2 Darnell Nurse            Erik Karlsson                                     30     1   3  1  
 3 Jon Merrill              Kurtis Foster                                     20     1   4  0  
 4 Jon Merrill              Paul Martin                                       10     1   3  1  

PowerPlay Forward 
   Center                   Left Wing                Right Wing               Time % Phy DF OF 
 1 Anze Kopitar             Taylor Hall              Nikita Kucherov          60     0   1  4  
 2 Ryan Johansen            David Booth              Wayne Simmonds           40     0   1  4  

PowerPlay Defense
   Defense                  Defense                                           Time % Phy DF OF 
 1 Erik Karlsson            Patrick Kane                                      60     0   2  3  
 2 Darnell Nurse            Shea Weber                                        40     0   2  3  

Penalty Kill 4 Players Forward 
   Center                   Wing                     Time % Phy DF OF 
 1 Greg Campbell            Wayne Simmonds           60     1   3  1  
 2 Anze Kopitar             Mike Brown               40     1   3  1  

Penalty Kill 4 Players Defense
   Defense                  Defense                  Time % Phy DF OF 
 1 Darnell Nurse            Jon Merrill              60     0   5  0  
 2 Shea Weber               Kurtis Foster            40     0   5  0  

Penalty Kill - 3 Players Forward 
   Forward                                           Time % Phy DF OF 
 1 Anze Kopitar                                      60     1   4  0  
 2 Patrick Kane                                      40     1   4  0  

Penalty Kill - 3 Players Defense
   Defense                  Defense                  Time % Phy DF OF 
 1 Shea Weber               Jon Merrill              60     0   5  0  
 2 Darnell Nurse            Kurtis Foster            40     0   5  0  

4 vs 4 Forward 
   Center                   Wing                     Time % Phy DF OF 
 1 Taylor Hall              Patrick Kane             60     1   2  2  
 2 Anze Kopitar             David Booth              40     1   2  2  

4 vs 4 Defense
   Defense                  Defense                  Time % Phy DF OF 
 1 Shea Weber               Staffan Kronwall         60     1   2  2  
 2 Jon Merrill              Erik Karlsson            40     1   2  2  

Last Minutes Offensive
   Center                   Left Wing                Right Wing               Defense                  Defense                  
   Anze Kopitar             Taylor Hall              Patrick Kane             Shea Weber               Erik Karlsson            

Last Minutes Defensive
   Center                   Left Wing                Right Wing               Defense                  Defense                  
   Anze Kopitar             Taylor Hall              Patrick Kane             Shea Weber               Jon Merrill              

Goaltenders
Starting : Brian Elliott            
Backup : Pascal Leclaire          

Extra Forwards
Normal : Patrick Kane, Ryan Johansen, Taylor Hall - PP : Mike Brown, Tomas Plekanec - PK : Patrick Kane
Extra Defensemen
Normal : Shea Weber, Erik Karlsson, Darnell Nurse - PP : Kurtis Foster - PK : Staffan Kronwall, Erik Karlsson
Penalty Shots
Nikita Kucherov, Patrick Kane, Anze Kopitar, Ryan Johansen, David Booth

Scratches
Brenden Morrow (Right Ankle Injury)

Senateurs

5 vs 5 Forward 
   Center                   Left Wing                Right Wing               Time % Phy DF OF 
 1 Evgeni Malkin            Thomas Vanek             Marian Hossa             40     1   2  2  
 2 Daniel Briere            Sergei Kostitsyn         Colby Armstrong          30     1   2  2  
 3 Cody Hodgson             Chris Kunitz             Marc-André Bernier       20     1   2  2  
 4 Brandon Dubinsky         Evgeni Malkin            Radim Vrbata             10     1   2  2  

5 vs 5 Defense 
   Defense                  Defense                                           Time % Phy DF OF 
 1 Dan Hamhuis              Cody Franson                                      40     1   2  2  
 2 Karl Alzner              Vladimir Mihalik                                  30     1   2  2  
 3 Carlo Colaiacovo         Brooks Orpik                                      20     1   2  2  
 4 Ian Cole                 Cody Franson                                      10     1   2  2  

PowerPlay Forward 
   Center                   Left Wing                Right Wing               Time % Phy DF OF 
 1 Evgeni Malkin            Thomas Vanek             Marian Hossa             60     1   2  2  
 2 Daniel Briere            Sergei Kostitsyn         Colby Armstrong          40     1   2  2  

PowerPlay Defense
   Defense                  Defense                                           Time % Phy DF OF 
 1 Dan Hamhuis              Cody Franson                                      60     1   2  2  
 2 Karl Alzner              Vladimir Mihalik                                  40     1   2  2  

Penalty Kill 4 Players Forward 
   Center                   Wing                     Time % Phy DF OF 
 1 Evgeni Malkin            Daniel Briere            60     1   2  2  
 2 Thomas Vanek             Marian Hossa             40     1   2  2  

Penalty Kill 4 Players Defense
   Defense                  Defense                  Time % Phy DF OF 
 1 Dan Hamhuis              Cody Franson             60     1   2  2  
 2 Karl Alzner              Vladimir Mihalik         40     1   2  2  

Penalty Kill - 3 Players Forward 
   Forward                                           Time % Phy DF OF 
 1 Evgeni Malkin                                     60     1   2  2  
 2 Daniel Briere                                     40     1   2  2  

Penalty Kill - 3 Players Defense
   Defense                  Defense                  Time % Phy DF OF 
 1 Dan Hamhuis              Cody Franson             60     1   2  2  
 2 Karl Alzner              Vladimir Mihalik         40     1   2  2  

4 vs 4 Forward 
   Center                   Wing                     Time % Phy DF OF 
 1 Evgeni Malkin            Daniel Briere            60     1   2  2  
 2 Thomas Vanek             Marian Hossa             40     1   2  2  

4 vs 4 Defense
   Defense                  Defense                  Time % Phy DF OF 
 1 Dan Hamhuis              Cody Franson             60     1   2  2  
 2 Karl Alzner              Vladimir Mihalik         40     1   2  2  

Last Minutes Offensive
   Center                   Left Wing                Right Wing               Defense                  Defense                  
   Evgeni Malkin            Thomas Vanek             Marian Hossa             Dan Hamhuis              Cody Franson             

Last Minutes Defensive
   Center                   Left Wing                Right Wing               Defense                  Defense                  
   Evgeni Malkin            Thomas Vanek             Marian Hossa             Dan Hamhuis              Cody Franson             

Goaltenders
Starting : Ondrej Pavelec           
Backup : Jeff Deslauriers         

Extra Forwards
Normal : Cody Hodgson, Brandon Dubinsky, Chris Kunitz - PP : Cody Hodgson, Brandon Dubinsky - PK : Chris Kunitz
Extra Defensemen
Normal : Carlo Colaiacovo, Brooks Orpik, Ian Cole - PP : Carlo Colaiacovo - PK : Brooks Orpik, Ian Cole
Penalty Shots
Evgeni Malkin, Daniel Briere, Thomas Vanek, Marian Hossa, Colby Armstrong

Scratches
Martin Erat (Healthy), Ramzi Abid (Healthy)

% Time on Ice - Kings

Lines # - Real PCT - Wanted PCT - Time Play
Normal Forward
1 - 31% - 35% - 14:11
2 - 31% - 35% - 14:16
3 - 28% - 25% - 12:55
4 - 10% - 5% - 4:25
Normal Defense
1 - 38% - 40% - 17:28
2 - 30% - 30% - 13:40
3 - 23% - 20% - 10:20
4 - 9% - 10% - 4:19
PP Forward
1 - 63% - 60% - 3:23
2 - 37% - 40% - 2:00
PP Defense
1 - 72% - 60% - 3:53
2 - 28% - 40% - 1:30
PK Forward
1 - 68% - 60% - 6:02
2 - 32% - 40% - 2:48
PK Defense
1 - 56% - 60% - 4:55
2 - 44% - 40% - 3:55
PK3 Forward
1 - 0% - 60%
2 - 0% - 40%
PK3 Defense
1 - 0% - 60%
2 - 0% - 40%
44 Forward
1 - 67% - 60% - 3:22
2 - 33% - 40% - 1:38
44 Defense
1 - 61% - 60% - 3:02
2 - 39% - 40% - 1:58
Last Minute Offensive  - 0:00
Last Minute Defensive  - 0:00
Total
Forward - 65:00
Defense - 65:00

% Time on Ice - Senateurs

Lines # - Real PCT - Wanted PCT - Time Play
Normal Forward
1 - 31% - 40% - 14:05
2 - 31% - 30% - 14:19
3 - 26% - 20% - 11:57
4 - 12% - 10% - 5:26
Normal Defense
1 - 36% - 40% - 16:29
2 - 32% - 30% - 14:40
3 - 22% - 20% - 10:13
4 - 10% - 10% - 4:25
PP Forward
1 - 50% - 60% - 4:26
2 - 50% - 40% - 4:24
PP Defense
1 - 62% - 60% - 5:28
2 - 38% - 40% - 3:22
PK Forward
1 - 73% - 60% - 3:56
2 - 27% - 40% - 1:27
PK Defense
1 - 69% - 60% - 3:43
2 - 31% - 40% - 1:40
PK3 Forward
1 - 91% - 60% - 1:48
2 - 9% - 40% - 0:11
PK3 Defense
1 - 67% - 60% - 1:20
2 - 33% - 40% - 0:39
44 Forward
1 - 76% - 60% - 2:17
2 - 24% - 40% - 0:44
44 Defense
1 - 57% - 60% - 1:44
2 - 43% - 40% - 1:17
Last Minute Offensive  - 0:00
Last Minute Defensive  - 0:00
Total
Forward - 65:00
Defense - 65:00

Play-by-Play

1st period


0:01 of 1st period - Anze Kopitar wins face-off versus Evgeni Malkin in neutral zone.
0:06 of 1st period - Wrist shot by Evgeni Malkin.
0:06 of 1st period - Shot Blocked by Staffan Kronwall.
0:08 of 1st period - Slapshot by Cody Franson.
0:08 of 1st period - Shot Misses the Net.
0:10 of 1st period - Slapshot by Dan Hamhuis.
0:10 of 1st period - Deflect By Shea Weber.
0:10 of 1st period - Stopped by Brian Elliott with a rebound.
0:12 of 1st period - Snap shot by Marian Hossa.
0:12 of 1st period - Shot Blocked by Staffan Kronwall.
0:14 of 1st period - Wrist shot by Evgeni Malkin.
0:14 of 1st period - Stopped by Brian Elliott without a rebound.
0:15 of 1st period - Daniel Briere wins face-off versus Ryan Johansen in Kings zone.
0:20 of 1st period - Wrist shot by Colby Armstrong.
0:20 of 1st period - Stopped by Brian Elliott with a rebound.
0:22 of 1st period - Slapshot by Vladimir Mihalik.
0:22 of 1st period - Shot Blocked by Darnell Nurse.
0:24 of 1st period - Slapshot by Karl Alzner.
0:24 of 1st period - Shot Blocked by Erik Karlsson.
0:26 of 1st period - Snap shot by Daniel Briere.
0:26 of 1st period - Shot Misses the Net.
0:28 of 1st period - Snap shot by Daniel Briere.
0:28 of 1st period - Stopped by Brian Elliott without a rebound.
0:29 of 1st period - Tomas Plekanec wins face-off versus Cody Hodgson in Kings zone.
0:37 of 1st period - Minor Penalty to Peter Worrell for Diving.
0:38 of 1st period - Marian Hossa wins face-off versus Greg Campbell in Kings zone.
1:03 of 1st period - Sergei Kostitsyn is hit by Jon Merrill and loses puck.
2:37 of 1st period - Penalty to Peter Worrell is over, Peter Worrell is back on ice.
3:47 of 1st period - Erik Karlsson is hit by Brooks Orpik.
4:32 of 1st period - Minor Penalty to Paul Martin for Holding Stick.
4:33 of 1st period - Evgeni Malkin wins face-off versus Greg Campbell in Kings zone.
4:36 of 1st period - Slapshot by Evgeni Malkin.
4:36 of 1st period - Stopped by Brian Elliott with a rebound.
4:38 of 1st period - Slapshot by Dan Hamhuis.
4:38 of 1st period - Senateurs goal is going for a video replay.
4:38 of 1st period - The goal is refused. The puck has been kicked using a distinct kicking motion..
4:39 of 1st period - Evgeni Malkin wins face-off versus Greg Campbell in Kings zone.
4:46 of 1st period - Snap shot by Thomas Vanek.
4:46 of 1st period - Stopped by Brian Elliott without a rebound.
4:47 of 1st period - Greg Campbell wins face-off versus Evgeni Malkin in Kings zone.
6:32 of 1st period - Penalty to Paul Martin is over, Paul Martin is back on ice.
6:43 of 1st period - Wrist shot by David Booth.
6:43 of 1st period - Deflect By Dan Hamhuis.
6:43 of 1st period - Shot Misses the Net.
6:43 of 1st period - Puck is out of play.
6:44 of 1st period - Anze Kopitar wins face-off versus Cody Hodgson in Senateurs zone.
6:59 of 1st period - Wrist shot by Chris Kunitz.
6:59 of 1st period - Stopped by Brian Elliott without a rebound.
7:00 of 1st period - Tomas Plekanec wins face-off versus Marian Hossa in Kings zone.
7:07 of 1st period - Karl Alzner is hit by Wayne Simmonds and loses puck.
7:26 of 1st period - Kurtis Foster is hit by Daniel Briere.
7:27 of 1st period - Kurtis Foster from Kings is injured at 7:27 of 1st period (Right Leg).
7:28 of 1st period - Anze Kopitar wins face-off versus Evgeni Malkin in Kings zone.
7:28 of 1st period - Anze Kopitar is hit by Evgeni Malkin.
7:54 of 1st period - Patrick Kane is hit by Dan Hamhuis and loses puck.
8:41 of 1st period - Evgeni Malkin is hit by Anze Kopitar and loses puck.
8:48 of 1st period - Anze Kopitar is hit by Marian Hossa and loses puck.
8:59 of 1st period - Wrist shot by Daniel Briere.
8:59 of 1st period - Stopped by Brian Elliott with a rebound.
10:14 of 1st period - Snap shot by Chris Kunitz.
10:14 of 1st period - Shot Misses the Net.
10:40 of 1st period - Snap shot by Nikita Kucherov.
10:40 of 1st period - Stopped by Ondrej Pavelec without a rebound.
10:41 of 1st period - Evgeni Malkin wins face-off versus Tomas Plekanec in Senateurs zone.
11:08 of 1st period - Staffan Kronwall is hit by Colby Armstrong and loses puck.
11:29 of 1st period - Wrist shot by Ryan Johansen.
11:29 of 1st period - Deflect By Patrick Kane.
11:29 of 1st period - Shot Misses the Net.
11:29 of 1st period - Puck is out of play.
11:30 of 1st period - Anze Kopitar wins face-off versus Sergei Kostitsyn in Senateurs zone.
11:44 of 1st period - Off-side.
11:45 of 1st period - Ryan Johansen wins face-off versus Evgeni Malkin in neutral zone.
12:29 of 1st period - Chris Kunitz is hit by Tomas Plekanec and loses puck.
12:36 of 1st period - Backhand shot by Tomas Plekanec.
12:36 of 1st period - Stopped by Ondrej Pavelec without a rebound.
12:37 of 1st period - Ryan Johansen wins face-off versus Evgeni Malkin in Senateurs zone.
12:40 of 1st period - Wrist shot by David Booth.
12:40 of 1st period - Stopped by Ondrej Pavelec with a rebound.
12:48 of 1st period - Wrist shot by Thomas Vanek.
12:48 of 1st period - Shot Misses the Net.
13:02 of 1st period - Anze Kopitar is hit by Daniel Briere.
13:34 of 1st period - Wrist shot by Tomas Plekanec.
13:34 of 1st period - Stopped by Ondrej Pavelec with a rebound.
14:35 of 1st period - Colby Armstrong is hit by Erik Karlsson and loses puck.
15:12 of 1st period - Backhand shot by Daniel Briere.
15:12 of 1st period - Shot Misses the Net.
15:41 of 1st period - Chris Kunitz is hit by Patrick Kane and loses puck.
16:04 of 1st period - Vladimir Mihalik is hit by Ryan Johansen and loses puck.
16:14 of 1st period - Icing by Vladimir Mihalik.
16:15 of 1st period - Tomas Plekanec wins face-off versus Daniel Briere in Senateurs zone.
16:18 of 1st period - Wrist shot by Peter Worrell.
16:18 of 1st period - Shot Misses the Net.
16:20 of 1st period - Slapshot by Erik Karlsson.
16:20 of 1st period - Stopped by Ondrej Pavelec with a rebound.
16:42 of 1st period - Backhand shot by Taylor Hall.
16:42 of 1st period - Deflect By Anze Kopitar.
16:42 of 1st period - Stopped by Ondrej Pavelec with a rebound.
16:44 of 1st period - Wrist shot by Shea Weber.
16:44 of 1st period - Stopped by Ondrej Pavelec with a rebound.
16:50 of 1st period - Wrist shot by Anze Kopitar.
16:50 of 1st period - Stopped by Ondrej Pavelec without a rebound.
16:51 of 1st period - Ryan Johansen wins face-off versus Evgeni Malkin in Senateurs zone.
17:02 of 1st period - Snap shot by Patrick Kane.
17:02 of 1st period - Stopped by Ondrej Pavelec without a rebound.
17:03 of 1st period - Marian Hossa wins face-off versus Ryan Johansen in Senateurs zone.
17:03 of 1st period - Marian Hossa is hit by Ryan Johansen.
17:59 of 1st period - Snap shot by Sergei Kostitsyn.
17:59 of 1st period - Shot Blocked by Wayne Simmonds.
18:01 of 1st period - Snap shot by Sergei Kostitsyn.
18:01 of 1st period - Stopped by Brian Elliott with a rebound.
18:03 of 1st period - Slapshot by Cody Franson.
18:03 of 1st period - Shot Misses the Net.
18:26 of 1st period - Tomas Plekanec is hit by Evgeni Malkin and loses puck.
19:21 of 1st period - Minor Penalty to Daniel Briere for Hooking.
19:22 of 1st period - Anze Kopitar wins face-off versus Evgeni Malkin in Senateurs zone.
19:53 of 1st period - Slapshot by Patrick Kane.
19:53 of 1st period - Shot Blocked by Dan Hamhuis.
Goals for this period are 0 for Kings vs 0 for Senateurs.
Shots for this period are 9 for Kings vs 10 for Senateurs.

2nd period


0:01 of 2nd period - Anze Kopitar wins face-off versus Evgeni Malkin in neutral zone.
0:16 of 2nd period - Snap shot by Nikita Kucherov.
0:16 of 2nd period - Stopped by Ondrej Pavelec without a rebound.
0:17 of 2nd period - Anze Kopitar wins face-off versus Evgeni Malkin in Senateurs zone.
0:42 of 2nd period - Snap shot by Wayne Simmonds.
0:42 of 2nd period - Stopped by Ondrej Pavelec with a rebound.
0:44 of 2nd period - Snap shot by David Booth.
0:44 of 2nd period - Shot Misses the Net.
0:46 of 2nd period - Slapshot by Ryan Johansen.
0:46 of 2nd period - Goal by Ryan Johansen - Kings : 1 - Senateurs : 0.
0:47 of 2nd period - Ryan Johansen wins face-off versus Evgeni Malkin in neutral zone.
1:14 of 2nd period - Taylor Hall is hit by Daniel Briere and loses puck.
2:19 of 2nd period - Nikita Kucherov is hit by Vladimir Mihalik and loses puck.
2:32 of 2nd period - Snap shot by Patrick Kane.
2:32 of 2nd period - Stopped by Ondrej Pavelec with a rebound.
2:34 of 2nd period - Snap shot by Greg Campbell.
2:34 of 2nd period - Stopped by Ondrej Pavelec with a rebound.
2:36 of 2nd period - Snap shot by Mike Brown.
2:36 of 2nd period - Shot Blocked by Brooks Orpik.
2:56 of 2nd period - Slapshot by Cody Hodgson.
2:56 of 2nd period - Stopped by Brian Elliott with a rebound.
2:58 of 2nd period - Snap shot by Chris Kunitz.
2:58 of 2nd period - Stopped by Brian Elliott without a rebound.
2:59 of 2nd period - Anze Kopitar wins face-off versus Daniel Briere in Kings zone.
3:06 of 2nd period - Wrist shot by Anze Kopitar.
3:06 of 2nd period - Shot Blocked by Sergei Kostitsyn.
3:08 of 2nd period - Minor Penalty to Colby Armstrong for Hooking.
3:09 of 2nd period - Evgeni Malkin wins face-off versus Anze Kopitar in Senateurs zone.
3:18 of 2nd period - Slapshot by Erik Karlsson.
3:18 of 2nd period - Stopped by Ondrej Pavelec with a rebound.
3:36 of 2nd period - Wayne Simmonds is hit by Marian Hossa and loses puck.
4:22 of 2nd period - Thomas Vanek is hit by Patrick Kane and loses puck.
5:08 of 2nd period - Penalty to Colby Armstrong is over, Colby Armstrong is back on ice.
5:22 of 2nd period - Snap shot by Chris Kunitz.
5:22 of 2nd period - Shot Misses the Net.
5:49 of 2nd period - Icing by Peter Worrell.
5:50 of 2nd period - Cody Hodgson wins face-off versus Tomas Plekanec in Kings zone.
5:57 of 2nd period - Snap shot by Evgeni Malkin.
5:57 of 2nd period - Stopped by Brian Elliott with a rebound.
6:03 of 2nd period - Paul Martin is hit by Marian Hossa and loses puck.
6:43 of 2nd period - Peter Worrell is hit by Karl Alzner and loses puck.
7:43 of 2nd period - Minor Penalty to David Booth for Interference.
7:44 of 2nd period - Greg Campbell wins face-off versus Daniel Briere in Kings zone.
7:52 of 2nd period - Slapshot by Dan Hamhuis.
7:52 of 2nd period - Stopped by Brian Elliott without a rebound.
7:53 of 2nd period - Greg Campbell wins face-off versus Daniel Briere in Kings zone.
8:04 of 2nd period - Staffan Kronwall is hit by Cody Franson and loses puck.
8:37 of 2nd period - Wrist shot by Colby Armstrong.
8:37 of 2nd period - Goal by Colby Armstrong - Kings : 1 - Senateurs : 1.
8:38 of 2nd period - Ryan Johansen wins face-off versus Evgeni Malkin in neutral zone.
9:10 of 2nd period - Slapshot by Erik Karlsson.
9:10 of 2nd period - Shot Blocked by Dan Hamhuis.
9:12 of 2nd period - Slapshot by Nikita Kucherov.
9:12 of 2nd period - Shot Misses the Net.
9:14 of 2nd period - Slapshot by Darnell Nurse.
9:14 of 2nd period - Stopped by Ondrej Pavelec with a rebound.
9:39 of 2nd period - Slapshot by Karl Alzner.
9:39 of 2nd period - Shot Blocked by Darnell Nurse.
9:53 of 2nd period - Wrist shot by Evgeni Malkin.
9:53 of 2nd period - Shot Misses the Net.
9:55 of 2nd period - Slapshot by Vladimir Mihalik.
9:55 of 2nd period - Stopped by Brian Elliott without a rebound.
9:56 of 2nd period - Evgeni Malkin wins face-off versus Ryan Johansen in Kings zone.
10:01 of 2nd period - Wrist shot by Marian Hossa.
10:01 of 2nd period - Stopped by Brian Elliott without a rebound.
10:02 of 2nd period - Marian Hossa wins face-off versus Ryan Johansen in Kings zone.
10:05 of 2nd period - Snap shot by Marian Hossa.
10:05 of 2nd period - Shot Blocked by David Booth.
10:07 of 2nd period - Wrist shot by Evgeni Malkin.
10:07 of 2nd period - Stopped by Brian Elliott with a rebound.
10:09 of 2nd period - Wrist shot by Marian Hossa.
10:09 of 2nd period - Shot Misses the Net.
10:11 of 2nd period - Slapshot by Carlo Colaiacovo.
10:11 of 2nd period - Deflect By Evgeni Malkin.
10:11 of 2nd period - Stopped by Brian Elliott with a rebound.
10:31 of 2nd period - Carlo Colaiacovo is hit by Patrick Kane and loses puck.
10:40 of 2nd period - Snap shot by Marc-André Bernier.
10:40 of 2nd period - Stopped by Brian Elliott without a rebound.
10:41 of 2nd period - Evgeni Malkin wins face-off versus Anze Kopitar in Kings zone.
11:25 of 2nd period - Icing by Colby Armstrong.
11:26 of 2nd period - Greg Campbell wins face-off versus Daniel Briere in Senateurs zone.
11:41 of 2nd period - Slapshot by Mike Brown.
11:41 of 2nd period - Stopped by Ondrej Pavelec without a rebound.
11:42 of 2nd period - Anze Kopitar wins face-off versus Daniel Briere in Senateurs zone.
11:55 of 2nd period - Wrist shot by Daniel Briere.
11:55 of 2nd period - Stopped by Brian Elliott without a rebound.
11:56 of 2nd period - Evgeni Malkin wins face-off versus Ryan Johansen in Kings zone.
12:17 of 2nd period - Minor Penalty to Ryan Johansen for Tripping.
12:18 of 2nd period - Evgeni Malkin wins face-off versus Greg Campbell in Kings zone.
12:54 of 2nd period - Slapshot by Karl Alzner.
12:54 of 2nd period - Stopped by Brian Elliott with a rebound.
14:05 of 2nd period - Marian Hossa is hit by Patrick Kane and loses puck.
14:17 of 2nd period - Penalty to Ryan Johansen is over, Ryan Johansen is back on ice.
14:29 of 2nd period - Chris Kunitz is hit by Anze Kopitar and loses puck.
14:59 of 2nd period - Wayne Simmonds is hit by Cody Franson and loses puck.
16:01 of 2nd period - Chris Kunitz is hit by Mike Brown and loses puck.
17:14 of 2nd period - Carlo Colaiacovo is hit by Peter Worrell and loses puck.
17:31 of 2nd period - Daniel Briere is hit by Anze Kopitar and loses puck.
19:26 of 2nd period - Wrist shot by Nikita Kucherov.
19:26 of 2nd period - Shot Blocked by Brooks Orpik.
Goals for this period are 1 for Kings vs 1 for Senateurs.
Shots for this period are 8 for Kings vs 12 for Senateurs.

3rd period


0:01 of 3rd period - Ryan Johansen wins face-off versus Marian Hossa in neutral zone.
0:01 of 3rd period - Patrick Kane is hit by Marian Hossa and loses puck.
0:14 of 3rd period - Snap shot by Evgeni Malkin.
0:14 of 3rd period - Shot Blocked by Shea Weber.
1:32 of 3rd period - Taylor Hall is hit by Daniel Briere and loses puck.
2:08 of 3rd period - Jon Merrill is hit by Chris Kunitz and loses puck.
2:36 of 3rd period - Paul Martin is hit by Cody Franson and loses puck.
3:02 of 3rd period - Cody Hodgson is hit by Shea Weber and loses puck.
3:14 of 3rd period - Icing by Chris Kunitz.
3:15 of 3rd period - Anze Kopitar wins face-off versus Cody Hodgson in Senateurs zone.
3:53 of 3rd period - Wrist shot by Ryan Johansen.
3:53 of 3rd period - Shot Misses the Net.
4:36 of 3rd period - Wrist shot by Daniel Briere.
4:36 of 3rd period - Stopped by Brian Elliott with a rebound.
4:50 of 3rd period - Wrist shot by Radim Vrbata.
4:50 of 3rd period - Stopped by Brian Elliott with a rebound.
4:52 of 3rd period - Slapshot by Dan Hamhuis.
4:52 of 3rd period - Shot Misses the Net.
5:12 of 3rd period - Darnell Nurse is hit by Colby Armstrong and loses puck.
5:36 of 3rd period - Icing by Erik Karlsson.
5:37 of 3rd period - Tomas Plekanec wins face-off versus Brandon Dubinsky in Kings zone.
6:00 of 3rd period - Wrist shot by Thomas Vanek.
6:00 of 3rd period - Stopped by Brian Elliott without a rebound.
6:01 of 3rd period - Daniel Briere wins face-off versus Anze Kopitar in Kings zone.
6:02 of 3rd period - Snap shot by Colby Armstrong.
6:02 of 3rd period - Stopped by Brian Elliott with a rebound.
6:04 of 3rd period - Snap shot by Colby Armstrong.
6:04 of 3rd period - Stopped by Brian Elliott with a rebound.
6:10 of 3rd period - Snap shot by Sergei Kostitsyn.
6:10 of 3rd period - Shot Misses the Net.
6:17 of 3rd period - Off-side.
6:18 of 3rd period - Evgeni Malkin wins face-off versus Patrick Kane in neutral zone.
6:45 of 3rd period - Staffan Kronwall is hit by Cody Hodgson.
6:55 of 3rd period - Slapshot by Patrick Kane.
6:55 of 3rd period - Stopped by Ondrej Pavelec with a rebound.
6:57 of 3rd period - Snap shot by David Booth.
6:57 of 3rd period - Shot Hit the Post.
6:59 of 3rd period - Snap shot by Jon Merrill.
6:59 of 3rd period - Stopped by Ondrej Pavelec with a rebound.
7:01 of 3rd period - Slapshot by Paul Martin.
7:01 of 3rd period - Shot Blocked by Dan Hamhuis.
7:03 of 3rd period - Snap shot by Ryan Johansen.
7:03 of 3rd period - Stopped by Ondrej Pavelec without a rebound.
7:04 of 3rd period - Evgeni Malkin wins face-off versus Anze Kopitar in Senateurs zone.
7:04 of 3rd period - Evgeni Malkin is hit by Nikita Kucherov.
7:16 of 3rd period - Slapshot by Vladimir Mihalik.
7:16 of 3rd period - Shot Blocked by Anze Kopitar.
7:18 of 3rd period - Wrist shot by Thomas Vanek.
7:18 of 3rd period - Stopped by Brian Elliott with a rebound.
7:20 of 3rd period - Snap shot by Marian Hossa.
7:20 of 3rd period - Stopped by Brian Elliott without a rebound.
7:21 of 3rd period - Tomas Plekanec wins face-off versus Colby Armstrong in Kings zone.
7:46 of 3rd period - Dan Hamhuis is hit by Anze Kopitar and loses puck.
8:08 of 3rd period - Wrist shot by Ryan Johansen.
8:08 of 3rd period - Stopped by Ondrej Pavelec with a rebound.
8:10 of 3rd period - Snap shot by David Booth.
8:10 of 3rd period - Shot Misses the Net.
8:26 of 3rd period - Slapshot by Taylor Hall.
8:26 of 3rd period - Deflect By Nikita Kucherov.
8:26 of 3rd period - Shot Misses the Net.
8:26 of 3rd period - Puck is out of play.
8:27 of 3rd period - Daniel Briere wins face-off versus Anze Kopitar in Senateurs zone.
8:27 of 3rd period - Daniel Briere is hit by Nikita Kucherov.
8:54 of 3rd period - Wrist shot by Taylor Hall.
8:54 of 3rd period - Stopped by Ondrej Pavelec without a rebound.
8:55 of 3rd period - Marian Hossa wins face-off versus Ryan Johansen in Senateurs zone.
8:55 of 3rd period - Marian Hossa is hit by Patrick Kane.
9:27 of 3rd period - Snap shot by Cody Hodgson.
9:27 of 3rd period - Goal by Cody Hodgson - Kings : 1 - Senateurs : 2.
9:28 of 3rd period - Evgeni Malkin wins face-off versus Ryan Johansen in neutral zone.
9:57 of 3rd period - Snap shot by Wayne Simmonds.
9:57 of 3rd period - Goal by Wayne Simmonds - Kings : 2 - Senateurs : 2.
9:58 of 3rd period - Ryan Johansen wins face-off versus Evgeni Malkin in neutral zone.
10:01 of 3rd period - Wrist shot by Shea Weber.
10:01 of 3rd period - Shot Misses the Net.
10:25 of 3rd period - Colby Armstrong is hit by Nikita Kucherov and loses puck.
10:40 of 3rd period - Chris Kunitz is hit by Taylor Hall and loses puck.
10:53 of 3rd period - Evgeni Malkin is hit by Tomas Plekanec and loses puck.
11:17 of 3rd period - Wrist shot by Ryan Johansen.
11:17 of 3rd period - Deflect By David Booth.
11:17 of 3rd period - Stopped by Ondrej Pavelec without a rebound.
11:18 of 3rd period - Daniel Briere wins face-off versus Anze Kopitar in Senateurs zone.
11:45 of 3rd period - Backhand shot by Sergei Kostitsyn.
11:45 of 3rd period - Shot Misses the Net.
11:47 of 3rd period - Minor Penalty to Jon Merrill for Hooking.
11:48 of 3rd period - Evgeni Malkin wins face-off versus Greg Campbell in Kings zone.
13:47 of 3rd period - Penalty to Jon Merrill is over, Jon Merrill is back on ice.
13:51 of 3rd period - Icing by Darnell Nurse.
13:52 of 3rd period - Anze Kopitar wins face-off versus Cody Hodgson in Kings zone.
15:48 of 3rd period - Carlo Colaiacovo is hit by Staffan Kronwall and loses puck.
16:03 of 3rd period - Thomas Vanek is hit by Nikita Kucherov.
17:14 of 3rd period - Icing by Staffan Kronwall.
17:15 of 3rd period - Evgeni Malkin wins face-off versus Ryan Johansen in Kings zone.
17:20 of 3rd period - Slapshot by Evgeni Malkin.
17:20 of 3rd period - Stopped by Brian Elliott with a rebound.
17:41 of 3rd period - Minor Penalty to Cody Franson for High sticking.
17:42 of 3rd period - Evgeni Malkin wins face-off versus Anze Kopitar in Senateurs zone.
17:51 of 3rd period - Slapshot by Erik Karlsson.
17:51 of 3rd period - Deflect By Daniel Briere.
17:51 of 3rd period - Stopped by Ondrej Pavelec without a rebound.
17:52 of 3rd period - Daniel Briere wins face-off versus Anze Kopitar in Senateurs zone.
18:31 of 3rd period - Slapshot by Anze Kopitar.
18:31 of 3rd period - Stopped by Ondrej Pavelec with a rebound.
18:33 of 3rd period - Slapshot by Erik Karlsson.
18:33 of 3rd period - Stopped by Ondrej Pavelec with a rebound.
18:35 of 3rd period - Snap shot by Erik Karlsson.
18:35 of 3rd period - Stopped by Ondrej Pavelec with a rebound.
18:37 of 3rd period - Slapshot by Patrick Kane.
18:37 of 3rd period - Shot Blocked by Karl Alzner.
19:09 of 3rd period - Wrist shot by Anze Kopitar.
19:09 of 3rd period - Stopped by Ondrej Pavelec without a rebound.
19:10 of 3rd period - Ryan Johansen wins face-off versus Evgeni Malkin in Senateurs zone.
19:41 of 3rd period - Penalty to Cody Franson is over, Cody Franson is back on ice.
Goals for this period are 1 for Kings vs 1 for Senateurs.
Shots for this period are 12 for Kings vs 9 for Senateurs.

Overtime #1


0:01 of 1st overtime period - Taylor Hall wins face-off versus Evgeni Malkin in neutral zone.
0:12 of 1st overtime period - Wrist shot by Taylor Hall.
0:12 of 1st overtime period - Stopped by Ondrej Pavelec without a rebound.
0:13 of 1st overtime period - Evgeni Malkin wins face-off versus Taylor Hall in Senateurs zone.
0:13 of 1st overtime period - Evgeni Malkin is hit by Taylor Hall.
1:03 of 1st overtime period - Slapshot by David Booth.
1:03 of 1st overtime period - Deflect By Thomas Vanek.
1:03 of 1st overtime period - Stopped by Ondrej Pavelec with a rebound.
1:05 of 1st overtime period - Wrist shot by Anze Kopitar.
1:05 of 1st overtime period - Shot Misses the Net.
1:09 of 1st overtime period - Slapshot by Anze Kopitar.
1:09 of 1st overtime period - Shot Misses the Net.
1:11 of 1st overtime period - Minor Penalty to Vladimir Mihalik for Hooking.
1:12 of 1st overtime period - Evgeni Malkin wins face-off versus Taylor Hall in Senateurs zone.
1:56 of 1st overtime period - Wrist shot by Anze Kopitar.
1:56 of 1st overtime period - Stopped by Ondrej Pavelec without a rebound.
1:57 of 1st overtime period - Taylor Hall wins face-off versus Evgeni Malkin in Senateurs zone.
2:09 of 1st overtime period - Icing by Jon Merrill.
2:10 of 1st overtime period - Taylor Hall wins face-off versus Evgeni Malkin in Kings zone.
3:11 of 1st overtime period - Penalty to Vladimir Mihalik is over, Vladimir Mihalik is back on ice.
3:19 of 1st overtime period - Wrist shot by Chris Kunitz.
3:19 of 1st overtime period - Stopped by Brian Elliott without a rebound.
3:20 of 1st overtime period - Evgeni Malkin wins face-off versus Taylor Hall in Kings zone.
3:26 of 1st overtime period - Off-side.
3:27 of 1st overtime period - Taylor Hall wins face-off versus Evgeni Malkin in neutral zone.
4:10 of 1st overtime period - Snap shot by Anze Kopitar.
4:10 of 1st overtime period - Deflect By David Booth.
4:10 of 1st overtime period - Stopped by Ondrej Pavelec with a rebound.
4:12 of 1st overtime period - Slapshot by Staffan Kronwall.
4:12 of 1st overtime period - Stopped by Ondrej Pavelec without a rebound.
4:13 of 1st overtime period - Daniel Briere wins face-off versus Taylor Hall in Senateurs zone.
4:45 of 1st overtime period - Jon Merrill is hit by Marian Hossa and loses puck.
Goals for this period are 0 for Kings vs 0 for Senateurs.
Shots for this period are 5 for Kings vs 1 for Senateurs.

ShootOut


5:00 of 1st overtime period - Round #1.
5:00 of 1st overtime period - Kings, Nikita Kucherov.
5:00 of 1st overtime period - Wrist shot by Nikita Kucherov.
5:00 of 1st overtime period - Stopped by Ondrej Pavelec.
5:00 of 1st overtime period - Senateurs, Evgeni Malkin.
5:00 of 1st overtime period - Deke by Evgeni Malkin.
5:00 of 1st overtime period - Shot Misses the Net.
5:00 of 1st overtime period - Round #2.
5:00 of 1st overtime period - Kings, Patrick Kane.
5:00 of 1st overtime period - Backhand shot by Patrick Kane.
5:00 of 1st overtime period - Stopped by Ondrej Pavelec.
5:00 of 1st overtime period - Senateurs, Daniel Briere.
5:00 of 1st overtime period - Snap shot by Daniel Briere.
5:00 of 1st overtime period - Shot Misses the Net.
5:00 of 1st overtime period - Round #3.
5:00 of 1st overtime period - Kings, Anze Kopitar.
5:00 of 1st overtime period - Wrist shot by Anze Kopitar.
5:00 of 1st overtime period - Stopped by Ondrej Pavelec.
5:00 of 1st overtime period - Senateurs, Thomas Vanek.
5:00 of 1st overtime period - Snap shot by Thomas Vanek.
5:00 of 1st overtime period - Goal by Thomas Vanek.